 Dungeon Crawl Stone Soup version 0.17-a0-913-g36eb389 (webtiles) character file.

35 RobertPalmer the Slasher (level 3, -10/34 HPs)
             Began as a Naga Chaos Knight on May 3, 2015.
             Mangled by a hellwing (12 damage)
             ... summoned by Xom
             ... on level 1 of the Dungeon.
             The game lasted 00:01:35 (941 turns).

RobertPalmer the Slasher (Naga Chaos Knight)         Turns: 941, Time: 00:01:35

Health: -10/34     AC:  4    Str: 14      XL:     3   Next: 33%
Magic:  3/3        EV:  7    Int: 11 (12) God:    Xom [......]
Gold:   48         SH:  0    Dex: 11      Spells: 0 memorised, 2 levels left

rFire  + . .     SeeInvis +     a - +0 falchion (chaos)
rCold  . . .     Clarity  .     g - +0 scale mail {rF+}
rNeg   . . .     SustAb   .     (no shield)
rPois  +         Gourm    .     (no helmet)
rElec  .         Spirit   .     (no cloak)
rCorr  .         Warding  .     (no gloves)
rMut   .         Stasis   .     (no barding)
MR     .....                    (no amulet)
Stlth  ..........               (no ring)
                                (no ring)

@: very slow, not resistant to hostile enchantments, extremely unstealthy
A: see invisible, deformed body, poison resistance, slowness 2, slow metabolism
1, spit poison 2, AC +1
a: Spit Poison, Renounce Religion


You were on level 1 of the Dungeon.
You worshipped Xom.
You were a very special plaything of Xom.
You were not hungry.

You visited 1 branch of the dungeon, and saw 1 of its levels.

You collected 48 gold pieces.

Inventory:

Hand weapons
 a - a +0 falchion of chaos (weapon)
Armour
 g - a +0 scale mail of fire resistance (worn)
   (You found it on level 1 of the Dungeon)
Scrolls
 e - a scroll of immolation {unknown}
 h - a scroll of remove curse
Potions
 i - a potion of curing {unknown}
 j - a potion of magic {unknown}
 k - 2 potions of degeneration {unknown}
Comestibles
 c - a bread ration {@e1}
 f - 2 meat rations {@e2}


   Skills:
 - Level 3.0 Fighting
 + Level 4.3 Long Blades
 - Level 1.5 Armour
 - Level 0.7 Dodging


You had 2 spell levels left.
You didn't know any spells.

Dungeon Overview and Level Annotations

Branches:
Dungeon (1/15)

Altars:


Innate Abilities, Weirdness & Mutations

You cannot wear boots.
Your serpentine skin is tough (AC +1).
You have supernaturally acute eyesight.
Armour fits poorly on your strangely shaped body.
Your system is resistant to poisons.
You cover ground very slowly.
You have a slow metabolism.
You can spit poison.


Message History

The kobold shouts!
The rat bites you.
You regained 3 hp, and now have 32/34 hp.
There are monsters nearby!
There are monsters nearby!
There are monsters nearby!
There are monsters nearby!
You hit the rat.
You kill the rat!
The kobold throws a stone.
The stone barely misses you.
The kobold throws a stone.
The stone hits you but does no damage.
Things that are here:
a stone; a rat corpse You hit the kobold.
You kill the kobold!
No target in view!
No target in view!
No target in view!
Things that are here:
a dagger; a kobold corpse
Things that are here:
a stone; a rat corpse You see here a stone.
You see here 16 stones.
A hobgoblin comes into view.
The hobgoblin shouts!
Health restored: 34 A hobgoblin is nearby!
A hobgoblin is nearby!
A hobgoblin is nearby!
You hit the hobgoblin.
You heal the hobgoblin.
The hobgoblin is completely healed.
Xom thinks this is hilarious!
The hobgoblin hits you.
You take 1 damage, and have 33/34 hp.
You hit the hobgoblin. You burn the hobgoblin. The hobgoblin hits you.
You take 3 damage, and have 30/34 hp.
You closely miss the hobgoblin. The hobgoblin completely misses you.
You hit the hobgoblin but do no damage. The hobgoblin hits you.
The hobgoblin hits you but does no damage.
You take 1 damage, and have 29/34 hp.
You barely miss the hobgoblin.
The hobgoblin hits you but does no damage.
You closely miss the hobgoblin.
The hobgoblin hits you but does no damage.
You hit the hobgoblin.
You kill the hobgoblin!
No target in view!
You now have 48 gold pieces (gained 9).
You see here a hobgoblin corpse.
A giant cockroach comes into view.
A giant cockroach is nearby!
A giant cockroach is nearby!
A giant cockroach is nearby!
The giant cockroach bites you but does no damage.
You hit the giant cockroach.
You kill the giant cockroach!
No target in view!
No target in view!
You enter a teleport trap!
The teleport trap disappears.
Your surroundings suddenly seem different.
You regained 3 hp, and now have 33/34 hp.
You see here a +2 leather armour.
You hear Xom's maniacal laughter.
A hellwing is nearby!
Health restored: 34 A hellwing is nearby!
The hellwing hits you! The hellwing hits you.
You take 13 damage, and have 21/34 hp.
MASSIVE DAMAGE!!
Drink which item? (? for menu, Esc to quit)
Okay, then.
Read which item? (? for menu, Esc to quit)
As you read the scroll labeled FADIZX BOQEU, it crumbles to dust.
It is a scroll of identify.
Identify which item? (\ to view known items) (? for menu, Esc to quit)
h - a scroll of remove curse The hellwing barely misses you.
The hellwing hits you.
You take 3 damage, and have 18/34 hp.
Read which item? (? for menu, Esc to quit)
As you read the scroll labeled ROFA RYSINESHO, it crumbles to dust.
You feel aware of your surroundings.
It was a scroll of magic mapping.
The hellwing hits you. x2
You take 5 damage, and have 13/34 hp.
Read which item? (? for menu, Esc to quit)
As you read the scroll labeled SIEDOQUMUA, it crumbles to dust.
You assume a fearsome visage.
The hellwing is unaffected.
It was a scroll of fear.
The hellwing hits you!
* * * LOW HITPOINT WARNING * * *
The hellwing completely misses you.
You take 11 damage, and have 2/34 hp.
MASSIVE DAMAGE!!
Read which item? (? for menu, Esc to quit)
As you read the scroll labeled SUUQEJ CAYTYRU, it crumbles to dust.
You feel forgetful for a moment.
It was a scroll of amnesia.
The hellwing hits you!
You die...
Xom chortles!

.##......##.#.#.#.#.##.#.###..###
.####...####.#.<.#.###..#....#...
.####...###.#.#.#.#.##†###...##.#
.........#.###.#.###.#..#.....#.#
..........## ##.## ##............
.#####.#...###.#.###.............
..####......#.###.#..#.#.........
.....#..#....#####...#.##.....#.#
..##...##.......@4...#.###...##.#
..####.............#.#.# ######.#
#.# ##.....[......#.#.# #.# #.#
#.#..######..#.#.# #.. #>#
#.#.[##..........# ### #.#
##.#..##.###..#.### #.#
##.....##.###..#.#
#.###.#.#..#.........#
...........(.)###.####


You could see a hellwing.

Vanquished Creatures
  An adder (D:1)
  3 giant cockroaches (D:1)
  2 goblins (D:1)
  2 hobgoblins (D:1)
  6 jackals (D:1)
  2 bats (D:1)
  A giant newt (D:1)
  4 kobolds (D:1)
  4 rats (D:1)
25 creatures vanquished.

Notes
Turn   | Place    | Note
--------------------------------------------------------------
     0 | D:1      | RobertPalmer, the Naga Chaos Knight, began the quest for the Orb.
     0 | D:1      | Reached XP level 1. HP: 21/21 MP: 1/1
    31 | D:1      | HP: 5/21 [goblin (1)]
    36 | D:1      | HP: 5/21 [goblin (1)]
   192 | D:1      | XOM: silly message
   412 | D:1      | Reached XP level 2. HP: 20/28 MP: 2/2
   507 | D:1      | XOM: divination: magic mapping
   510 | D:1      | Reached skill level 4 in Long Blades
   668 | D:1      | Reached XP level 3. HP: 23/34 MP: 3/3
   770 | D:1      | XOM: enchant monster (bad)
   790 | D:1      | XOM: stat loss: -1 Int (11/12)
   826 | D:1      | XOM: harmless Air miscast
   935 | D:1      | XOM: summons 1 hostile demon
   936 | D:1      | Noticed a hellwing
   940 | D:1      | HP: 2/34 [hellwing[Xom] (11)]
   941 | D:1      | Mangled by a hellwing

Action                   || total
-------------------------++-------
Melee: Falchion          ||    84
  Use: Scroll            ||     4
 Stab: Paralysed         ||     1

Vault maps used:
D:1:      minmay_arrival_diagonal_passages, st_stairs_8

Table legend:
 A = Turns spent in this place as a percentage of turns spent in the entire game.
 B = Non-inter-level travel turns spent in this place as a percentage of non-inter-level travel turns spent in the entire game.
 C = Inter-level travel turns spent in this place as a percentage of turns spent in this place.
 D = Turns resting spent in this place as a percentage of non-inter-level travel turns spent in this place.
 E = Turns spent auto-exploring this place as a percentage of non-inter-level travel turns spent in this place.
 F = Non-inter-level travel turns spent in this place divided by the number of levels of this place that you've seen.
                   A       B       C       D       E      F
               +-------+-------+-------+-------+-------+----------------------
         Total | 100.0 | 100.0 |   0.0 |   1.9 |  10.1 | 308.0
       Dungeon | 100.0 | 100.0 |   0.0 |   1.9 |  10.1 | 308.0
               +-------+-------+-------+-------+-------+----------------------

Table legend:
 A = Kills in this place as a percentage of kills in entire the game.
 B = Kills by you in this place as a percentage of kills by you in the entire game.
 C = Kills by friends in this place as a percentage of kills by friends in the entire game.
 D = Other kills in this place as a percentage of other kills in the entire game.
 E = Experience gained in this place as a percentage of experience gained in the entire game.
 F = Experience gained in this place divided by the number of levels of this place that you have seen.
                   A       B       C       D       E      F
               +-------+-------+-------+-------+-------+----------------------
         Total | 100.0 | 100.0 |  -nan |  -nan | 100.0 |  50.0
       Dungeon | 100.0 | 100.0 |  -nan |  -nan | 100.0 |  50.0
               +-------+-------+-------+-------+-------+----------------------
